Description

Standard 1 Gate Expand, Blink into Robo

Example: https://lotv.spawningtool.com/33036/

Replay - TYTY v Zest - 어센션 투 아이어 - 래더

Build Order

Get SALT Encoding   

  12  0:00  Probe  
  13  0:12  Probe  
  14  0:17  Pylon  
  14  0:24  Probe (Chrono Boost)  
  16  0:35  Gateway  
  16  0:36  Probe (Chrono Boost)  
  16  0:42  Probe (Chrono Boost)  
  16  0:45  Assimilator  
  17  0:51  Probe  
  18  1:03  Probe  
  19  1:15  Probe  
  20  1:22  Nexus  
  20  1:31  Cybernetics Core  
  20  1:35  Probe  
  21  1:40  Assimilator  
  21  1:47  Probe  
  21  1:49  Pylon  
  23  2:05  Stalker (Chrono Boost)  
  25  2:08  Warp Gate  
  26  2:26  Twilight Council  
  27  2:30  Stalker  
  33  2:54  Blink (Chrono Boost)  
  37  3:14  Gateway x2  
  37  3:17  Stalker  
  41  3:30  Pylon  
  42  4:06  Nexus  
  42  4:11  Stalker x3  
  50  4:22  Robotics Facility  
  50  4:28  Pylon  
  52  4:35  Charge (Chrono Boost)  
  54  4:49  Stalker x3  
  62  5:05  Gateway x3  
  62  5:17  Observer (Chrono Boost)  
  66  5:29  Gateway x2  
  66  5:30  Pylon  
  66  5:32  Warp Prism (Chrono Boost)  
  72  6:03  Stalker  
  84  6:25  Zealot x8  
  84  6:50  Zealot x2  
Spawning Tool Build Advisor. Get it on Overwolf

Go to:

Details

  • Created by: maestros
  • Published on: Dec 25, 2017
  • Modified on: Dec 25, 2017
  • Patch: 4.0.0
Show
View Real Time Build Order
Export as new Build Order

Comments (0)

There are no comments. Be the first!

Create an account to comment!